 Dungeon Crawl Stone Soup version 0.31.0-11-ge490571c62 (webtiles) character file.

Game seed: 8565950177041430057

697 qw the Skirmisher (level 7, -2/40 HPs)
             Began as a Deep Elf Hunter on Feb 3, 2024.
             Slain by an ogre
             ... wielding a +0 giant club
              (22 damage)
             ... on level 4 of the Dungeon.
             The game lasted 00:00:14 (2702 turns).

qw the Skirmisher (Deep Elf Hunter)                 Turns: 2702, Time: 00:00:14

Health: -2/40      AC:  8    Str: 10    XL:     7   Next: 38%
Magic:  9/9        EV: 12    Int: 14    God:
Gold:   1028       SH:  0    Dex: 24    Spells: 6/6 levels left

rFire   . . .        a - +0 shortbow
rCold   . . .        (shield currently unavailable)
rNeg    . . .        p - +0 ring mail
rPois   .            i - +2 helmet
rElec   .            (no cloak)
rCorr   .            (no gloves)
SInv    .            (no boots)
Will    .....        m - amulet of regeneration
Stlth   ++           e - +6 ring of dexterity
HPRegen 1.06/turn    (no ring)
MPRegen 0.11/turn

%: no passive effects
@: no status effects
A: no striking features
a: no special abilities


You were on level 4 of the Dungeon.
You visited 1 branch of the dungeon, and saw 4 of its levels.

You collected 1028 gold pieces.


   Skills:
 - Level 2.6 Fighting
 + Level 10.5 Ranged Weapons
 - Level 1.2 Armour
 - Level 4.0 Dodging
 - Level 1.2 Stealth


You had 6 spell levels left.
You didn't know any spells.
Your spell library was empty.

Inventory:

Hand Weapons
 a - a +0 shortbow (weapon)
Armour
 i - a +2 helmet (worn)
 p - a +0 ring mail (worn)
Jewellery
 b - a ring of ice
 e - a +6 ring of dexterity (left hand)
 m - an amulet of regeneration (around neck)
Scrolls
 h - a scroll of teleportation
Potions
 c - 2 potions of berserk rage {unknown}
 d - 2 potions of curing
 f - a potion of attraction {unknown}
 g - a potion of lignification {unknown}
 j - 3 potions of heal wounds

Dungeon Overview and Level Annotations

Branches:
Dungeon (4/15)
 Temple: D:4-7

Altars:

Shops:
D:1 =

Annotations:
D:4 1 runed translucent door, qw's ghost, amateur SpHu


Message History

You shoot an arrow. The arrow hits the orc wizard.
You kill the orc wizard!
There is an open door, spattered with blood here.
Items here: %% ))) [[.
Qw's ghost struggles to reload its weapon.
An orc comes into view. It is wielding a +0 trident.
You shoot an arrow. The arrow closely misses the orc.
The orc shouts!
You shoot an arrow. The arrow hits the orc.
The orc is moderately wounded.
You shoot an arrow. The arrow hits the orc!
You kill the orc!
A hobgoblin comes into view.
You shoot an arrow. The hobgoblin shouts!
The arrow hits the hobgoblin!
You kill the hobgoblin!
You see here a +0 trident.
There is an open door here.
Things that are here:
a +2 dagger of venom; a +0 robe; an orc corpse An ogre comes into view.
It is wielding a +0 giant club.
You shoot an arrow. The ogre shouts!
The arrow hits the ogre!
The ogre is heavily wounded.
The ogre barely misses you.
You shoot an arrow. The arrow hits the ogre.
The ogre is heavily wounded.
The ogre hits you with a +0 giant club!!
Ouch! That really hurt!
You shoot an arrow. The arrow hits the ogre.
The ogre is severely wounded.
You shoot an arrow. The arrow closely misses the ogre.
The ogre closely misses you.
You shoot an arrow. The arrow hits the ogre.
The ogre is severely wounded.
The ogre hits you with a +0 giant club!!
Ouch! That really hurt!
You die...

...### ### ......
..# ..... ...# ....
... ##.. #.. #..#
## #.# ########
#..# #.#.#
#......###..# ##@#
#...........###.#O#
#.......##.....####
#.......##.....#
#.......###....#
#....)...........
#..................
#.........#########
'.........#


You could see an ogre.

Vanquished Creatures
  A black bear (D:4)
  An ogre (D:4)
  A scorpion (D:4)
  2 bombardier beetles
  A jelly (D:3)
  2 orc priests
  An iguana (D:3)
  3 orc wizards (D:4)
  8 adders
  3 gnolls (D:4)
  4 dart slugs
  2 ribbon worms
  10 orcs
  3 ball pythons (D:1)
  4 bats
  10 endoplasms
  2 giant cockroaches
  7 goblins
  12 hobgoblins
  2 jackals (D:2)
  3 quokkas
  4 frilled lizards
  9 kobolds
  2 rats
97 creatures vanquished.

Notes
Turn   | Place    | Note
-------+----------+-------------------------------------------
     0 | D:1      | qw the Deep Elf Hunter began the quest for the Orb.
     0 | D:1      | Reached XP level 1. HP: 12/12 MP: 3/3
     0 | D:1      | 0 ||| qw: Version: 0.3-a-157-g843a77d
     0 | D:1      | 0 ||| qw: Game counter: 3789
     0 | D:1      | 0 ||| qw: Melee chars always use a shield: true
     0 | D:1      | 0 ||| qw: God list: Okawaru
     0 | D:1      | 0 ||| qw: Allow faded altars: false
     0 | D:1      | 0 ||| qw: Do Orc after clearing Dungeon:15 true
     0 | D:1      | 0 ||| qw: Do second Lair branch before Depths: true
     0 | D:1      | 0 ||| qw: Lair rune preference: random
     0 | D:1      | 0 ||| qw: Goals: Normal
     0 | D:1      | 0 ||| PLANNING D:1-11
    72 | D:1      | Found Cetykiar's Jewellery Shoppe.
    81 | D:1      | Reached skill level 6 in Ranged Weapons
    81 | D:1      | Reached XP level 2. HP: 16/16 MP: 4/4
    88 | D:1      | 88 ||| SHOPLISTING +5 ring of evasion (360 gold, have 7).
    88 | D:1      | 88 ||| SHOPLISTING +6 ring of dexterity (360 gold, have 7).
    88 | D:1      | 88 ||| SHOPLISTING amulet of regeneration (300 gold, have
                  | 7).
    88 | D:1      | 88 ||| SHOPLISTING ring of fire (250 gold, have 7).
    88 | D:1      | 88 ||| SHOPLISTING ring of ice (250 gold, have 7).
    88 | D:1      | 88 ||| SHOPLISTING ring of poison resistance (200 gold,
                  | have 7).
   106 | D:1      | Found a faded altar of an unknown god.
   425 | D:1      | Reached XP level 3. HP: 20/20 MP: 5/5
   584 | D:1      | 584 ||| UPGRADING to +1 hat.
   589 | D:1      | 589 ||| DROPPING ring of flight.
   590 | D:1      | 590 ||| READING 3 scrolls labelled WOK PIN JUAGG.
   590 | D:1      | 590 ||| IDENTIFYING 2 yellow potions
   591 | D:1      | 591 ||| READING 2 scrolls of identify.
   591 | D:1      | 591 ||| IDENTIFYING scroll labelled FAZIUB AHORE
   592 | D:1      | 592 ||| READING scroll of identify.
   592 | D:1      | 592 ||| IDENTIFYING scroll labelled WEQUSCHOAVO
   593 | D:1      | 593 ||| READING scroll labelled FEOVI INOSYALA.
   597 | D:1      | 597 ||| DROPPING scroll of butterflies.
   598 | D:1      | 598 ||| DROPPING scroll of immolation.
   599 | D:1      | 599 ||| DROPPING scroll of amnesia.
   820 | D:2      | Reached skill level 7 in Ranged Weapons
  1210 | D:2      | Reached XP level 4. HP: 20/25 MP: 6/6
  1373 | D:2      | 1373 ||| UPGRADING to +1 helmet.
  1383 | D:2      | 1383 ||| DROPPING +1 hat.
  1384 | D:2      | 1384 ||| UPGRADING to +6 ring of dexterity.
  1385 | D:2      | 1385 ||| READING scroll labelled YCUDEN QIGUTS.
  1385 | D:2      | Identified a scroll of acquirement
  1385 | D:2      | 1385 ||| ACQUIRING 850 gold pieces
  1385 | D:2      | Acquired 850 gold pieces
  1495 | D:3      | 1495 ||| RETREEEEATING.
  1496 | D:3      | 1496 ||| RETREEEEATING.
  1498 | D:3      | 1498 ||| RETREEEEATING.
  1500 | D:3      | 1500 ||| RETREEEEATING.
  1502 | D:3      | 1502 ||| RETREEEEATING.
  1514 | D:3      | Reached skill level 3 in Dodging
  1525 | D:3      | Reached skill level 8 in Ranged Weapons
  1525 | D:3      | Reached XP level 5. HP: 23/29 MP: 7/7
  2022 | D:3      | Reached skill level 9 in Ranged Weapons
  2319 | D:3      | Reached XP level 6. HP: 35/35 MP: 8/8
  2340 | D:3      | 2340 ||| UPGRADING to +0 scale mail.
  2350 | D:3      | 2350 ||| DROPPING +0 leather armour.
  2351 | D:3      | 2351 ||| UPGRADING to +0 ring mail.
  2361 | D:3      | 2361 ||| DROPPING +0 scale mail.
  2362 | D:3      | 2362 ||| UPGRADING to amulet of regeneration.
  2367 | D:3      | 2367 ||| READING scroll of identify.
  2367 | D:3      | 2367 ||| IDENTIFYING cyan potion
  2368 | D:3      | 2368 ||| READING scroll labelled JAGROSOODGH.
  2369 | D:3      | 2369 ||| READING scroll labelled SAYMIASERE.
  2370 | D:3      | 2370 ||| READING scroll labelled MENOUTWENI.
  2370 | D:3      | 2370 ||| ENCHANTING +1 helmet.
  2371 | D:3      | 2371 ||| READING scroll labelled TUPSAS JAEGU.
  2372 | D:3      | 2372 ||| DRINKING 3 lumpy pink potions.
  2373 | D:3      | 2373 ||| DRINKING 2 ruby potions.
  2374 | D:3      | 2374 ||| DROPPING potion of brilliance.
  2375 | D:3      | 2375 ||| DROPPING potion of magic.
  2541 | D:4      | Reached skill level 10 in Ranged Weapons
  2541 | D:4      | Reached XP level 7. HP: 28/40 MP: 9/9
  2606 | D:4      | Found a runed translucent door.
  2606 | D:4      | Noticed qw's ghost (amateur SpHu)
  2624 | D:4      | Reached skill level 1 in Armour
  2626 | D:4      | 2626 ||| FLEEEEING.
  2627 | D:4      | 2627 ||| FLEEEEING.
  2630 | D:4      | 2630 ||| FLEEEEING.
  2631 | D:4      | 2631 ||| FLEEEEING.
  2632 | D:4      | 2632 ||| FLEEEEING.
  2633 | D:4      | 2633 ||| FLEEEEING.
  2634 | D:4      | 2634 ||| FLEEEEING.
  2635 | D:4      | 2635 ||| FLEEEEING.
  2636 | D:4      | 2636 ||| FLEEEEING.
  2637 | D:4      | 2637 ||| FLEEEEING.
  2638 | D:4      | 2638 ||| FLEEEEING.
  2639 | D:4      | 2639 ||| FLEEEEING.
  2640 | D:4      | 2640 ||| FLEEEEING.
  2641 | D:4      | 2641 ||| FLEEEEING.
  2642 | D:4      | 2642 ||| FLEEEEING.
  2702 | D:4      | Slain by an ogre

Levels and vault maps discovered:
D:1:      ebering_hopf_link, layout_loops_ring, serial_shops, shop,
          dreamdust_ecumenical_altar_statues
D:2:      layout_loops_ring
D:3:      layout_basic, minmay_joined_circles
D:4:      kennysheep_spiral_hall, layout_basic, gammafunk_ghost_grave,
          minivault_24, minmay_ruptured

Skill      XL: |  1  2  3  4  5  6  7 |
---------------+----------------------+-----
Ranged Weapons | 6 7 8 9 10 | 10.5
Dodging        | 3 4 |  4.0
Fighting       | 2 |  2.6
Armour         | 1 |  1.2
Stealth        | |  1.2

Action                     |  1- 3 |  4- 6 |  7- 9 || total
---------------------------+-------+-------+-------++-------
   Fire: Shortbow          |   148 |   145 |    32 ||   325
    Use: Scroll            |     4 |     6 |       ||    10
         Potion            |       |     2 |       ||     2
 Armour: Leather armour    |    23 |    32 |       ||    55
         Ring mail         |       |    23 |     4 ||    27
  Dodge: Dodged            |    33 |    63 |     5 ||   101

Table legend:
 A = Non-vault XP
 B = Vault XP
 C = Vault XP percentage of total XP
 D = Non-vault monster count
 E = Vault monster count
 F = Vault count percentage of total count
                 A         B        C        D         E       F
            +---------+---------+-------+---------+---------+-------
      Total |     671 |     326 |  32.7 |      79 |      18 |  18.6
            +---------+---------+-------+---------+---------+-------
        D:1 |      52 |       0 |   0.0 |      26 |       0 |   0.0
        D:2 |      53 |       0 |   0.0 |      18 |       0 |   0.0
        D:3 |     139 |     145 |  51.1 |      18 |      15 |  45.5
        D:4 |     427 |     181 |  29.8 |      17 |       3 |  15.0
            +---------+---------+-------+---------+---------+-------
